3AAA
SUNSET DISTRICT FOG @ AUGUSTA TIMBER HAWKS
09/02/2030
 
TOP OF THE 1ST
Sunset District Fog batting - Pitching for Augusta Timber Hawks : RHP Mark Bell
Pitching: RHP Mark Bell
Batting: SHB Orlando Villa 0-0: Ball
1-0: Ball
2-0: Ball
3-0: Base on Balls
Batting: LHB Armando Carmona 0-0: Foul Ball, location: 2F
0-1: Fly out, F5 (Popup, 56)
Batting: RHB Alfonso Nazario 0-0: Ball
1-0: SINGLE (Line Drive, 78S)
Orlando Villa to second
Batting: RHB Colin O'Connell 0-0: Ball
1-0: Ball
Orlando Villa steals 3rd base
Alfonso Nazario to second
2-0: Ball
3-0: Called Strike
3-1: Fly out, F9 (Flyball, 9S)
Batting: SHB José Rico 0-0: Called Strike
0-1: Ball
1-1: Foul Ball, location: 2F
1-2: Ball
2-2: Ground out 6-3 (Groundball, 6)
Top of the 1st over - 0 runs, 1 hit, 0 errors, 2 left on base; Sunset District 0 - Augusta 0
BOTTOM OF THE 1ST
Augusta Timber Hawks batting - Pitching for Sunset District Fog : RHP Brian Walker
Pitching: RHP Brian Walker
Batting: LHB José Pérez 0-0: Fly out, F8 (Flyball, 8LM)
Batting: RHB Jaime Cruz 0-0: Ball
1-0: Foul Ball, location: 2F
1-1: Ball
2-1: SINGLE (Groundball, 6MS) (infield hit)
Batting: RHB Dave Yates 0-0: Called Strike
Jaime Cruz steals 2nd base
0-1: Ground out 5-3 (Groundball, 56)
Batting: SHB Nobuhisa Hatoyama 0-0: Called Strike
0-1: Ball
1-1: Ball
2-1: Ground out 6-3 (Groundball, 6)
Bottom of the 1st over - 0 runs, 1 hit, 0 errors, 1 left on base; Sunset District 0 - Augusta 0
TOP OF THE 2ND
Sunset District Fog batting - Pitching for Augusta Timber Hawks : RHP Mark Bell
Batting: RHB Jud Regan 0-0: Ball
1-0: Swinging Strike
1-1: Foul Ball, location: 2F
1-2: Strikes out swinging
Batting: SHB José Ángel 0-0: Ball
1-0: Ball
2-0: Called Strike
2-1: Fly out, F8 (Flyball, 78D)
Batting: RHB Diego Rodríguez 0-0: Ball
1-0: Foul Ball, location: 2F
1-1: Called Strike
1-2: Strikes out looking
Top of the 2nd over - 0 runs, 0 hits, 0 errors, 0 left on base; Sunset District 0 - Augusta 0
BOTTOM OF THE 2ND
Augusta Timber Hawks batting - Pitching for Sunset District Fog : RHP Brian Walker
Batting: RHB Juan Chávez 0-0: Ground out 4-3 (Groundball, 4S)
Batting: RHB David Martínez 0-0: Ball
1-0: Called Strike
1-1: Ball
2-1: Foul Ball, location: 2F
2-2: Fly out, F8 (Flyball, 8RM)
Batting: RHB Jesús Recesvinto 0-0: Swinging Strike
0-1: Foul Ball, location: 2F
0-2: Strikes out looking
Bottom of the 2nd over - 0 runs, 0 hits, 0 errors, 0 left on base; Sunset District 0 - Augusta 0
TOP OF THE 3RD
Sunset District Fog batting - Pitching for Augusta Timber Hawks : RHP Mark Bell
Batting: SHB Esteban Lugo 0-0: Ball
1-0: Ball
2-0: Ball
3-0: Called Strike
3-1: Base on Balls
Batting: SHB Orlando Villa 0-0: Ball
1-0: Called Strike
1-1: Called Strike
1-2: Strikes out swinging
Batting: LHB Armando Carmona 0-0: Ball
1-0: Ball
2-0: Ball
3-0: Called Strike
3-1: SINGLE (Line Drive, 6M)
Esteban Lugo to second
Batting: RHB Alfonso Nazario 0-0: Ball
1-0: Ball
2-0: Ball
3-0: Called Strike
3-1: Base on Balls
Esteban Lugo to third
Armando Carmona to second
Batting: RHB Colin O'Connell 0-0: Ball
1-0: Foul Ball, location: 2F
1-1: Foul Ball, location: 2F
1-2: Foul Ball, location: 2F
1-2: Grounds into double play, 5-4-3 (Groundball, 56)
Top of the 3rd over - 0 runs, 1 hit, 0 errors, 2 left on base; Sunset District 0 - Augusta 0
BOTTOM OF THE 3RD
Augusta Timber Hawks batting - Pitching for Sunset District Fog : RHP Brian Walker
Batting: LHB Juan Alvarado 0-0: Foul Ball, location: 2F
0-1: Ball
1-1: Fly out, F9 (Flyball, 9)
Batting: RHB Emmanuele Lucchetti 0-0: Ball
1-0: Ball
2-0: Called Strike
2-1: Called Strike
2-2: Strikes out looking
Batting: LHB José Pérez 0-0: Ball
1-0: Foul Ball, location: 2F
1-1: SINGLE (Groundball, 6MD)
Batting: RHB Jaime Cruz 0-0: Ball
José Pérez is caught stealing 2nd base
Bottom of the 3rd over - 0 runs, 1 hit, 0 errors, 0 left on base; Sunset District 0 - Augusta 0
TOP OF THE 4TH
Sunset District Fog batting - Pitching for Augusta Timber Hawks : RHP Mark Bell
Batting: SHB José Rico 0-0: Ball
1-0: Ground out U3 (Groundball, 34S)
Batting: RHB Jud Regan 0-0: Foul Ball, location: 2F
0-1: Ball
1-1: Ball
2-1: Swinging Strike
2-2: Ball
3-2: Base on Balls
Batting: SHB José Ángel 0-0: Called Strike
0-1: Ball
1-1: Foul Ball, location: 2F
1-2: SINGLE (Line Drive, 34)
Jud Regan to second
Batting: RHB Diego Rodríguez 0-0: Fielders Choice at 2nd, 6-4 (Groundball, 6)
Jud Regan to third
Batting: SHB Esteban Lugo 0-0: Called Strike
0-1: Ground out U3 (Groundball, 23)
Top of the 4th over - 0 runs, 1 hit, 0 errors, 2 left on base; Sunset District 0 - Augusta 0
BOTTOM OF THE 4TH
Augusta Timber Hawks batting - Pitching for Sunset District Fog : RHP Brian Walker
Batting: RHB Jaime Cruz 0-0: Ground out 6-3 (Groundball, 6)
Batting: RHB Dave Yates 0-0: Foul Ball, location: 2F
0-1: Foul Ball, location: 2F
0-2: Ball
1-2: Ball
2-2: Fly out, F7 (Flyball, 7LM)
Batting: SHB Nobuhisa Hatoyama 0-0: Ball
1-0: Fly out, F8 (Flyball, 8RS)
Bottom of the 4th over - 0 runs, 0 hits, 0 errors, 0 left on base; Sunset District 0 - Augusta 0
TOP OF THE 5TH
Sunset District Fog batting - Pitching for Augusta Timber Hawks : RHP Mark Bell
Batting: SHB Orlando Villa 0-0: Called Strike
0-1: Ball
1-1: Ball
2-1: Ground out 4-3 (Groundball, 4)
Batting: LHB Armando Carmona 0-0: Swinging Strike
0-1: Ball
1-1: Called Strike
1-2: Strikes out looking
Batting: RHB Alfonso Nazario 0-0: Ball
1-0: Ball
2-0: Ball
3-0: Base on Balls
Batting: RHB Colin O'Connell 0-0: Ball
1-0: Foul Ball, location: 2F
1-1: Swinging Strike
1-2: Strikes out swinging
Top of the 5th over - 0 runs, 0 hits, 0 errors, 1 left on base; Sunset District 0 - Augusta 0
BOTTOM OF THE 5TH
Augusta Timber Hawks batting - Pitching for Sunset District Fog : RHP Brian Walker
Batting: RHB Juan Chávez 0-0: Called Strike
0-1: Called Strike
0-2: Ball
1-2: Foul Ball, location: 2F
1-2: Fly out, F7 (Flyball, 78M)
Batting: RHB David Martínez 0-0: Ball
1-0: Called Strike
1-1: Foul Ball, location: 2F
1-2: Ball
2-2: Ball
3-2: Fly out, F7 (Flyball, 78M)
Batting: RHB Jesús Recesvinto 0-0: Foul Ball, location: 2F
0-1: Ball
1-1: Ball
2-1: Ground out 5-3 (Groundball, 56)
Bottom of the 5th over - 0 runs, 0 hits, 0 errors, 0 left on base; Sunset District 0 - Augusta 0
TOP OF THE 6TH
Sunset District Fog batting - Pitching for Augusta Timber Hawks : RHP Mark Bell
Batting: SHB José Rico 0-0: Ball
1-0: Ball
2-0: Foul Ball, location: 2F
2-1: Ball
3-1: Swinging Strike
3-2: Base on Balls
Pitching: RHP António Andrade
Pinch Runner at 1st Pedro Tapia:
Batting: RHB Jud Regan 0-0: SINGLE (Line Drive, 56D)
Pedro Tapia to second
Batting: SHB José Ángel 0-0: Ball
1-0: Sac Bunt - play at first, batter OUT! 1-3
Pedro Tapia to third
Jud Regan to second
Batting: RHB Diego Rodríguez 0-0: Ball
1-0: Ground out 6-3 (Groundball, 6)
Batting: SHB Esteban Lugo 0-0: Ball
1-0: Ball
2-0: Swinging Strike
2-1: Called Strike
2-2: Foul Ball, location: 2F
2-2: Ball
3-2: Foul Ball, location: 2F
3-2: Foul Ball, location: 2F
3-2: Base on Balls
Batting: SHB Orlando Villa 0-0: Ball
1-0: Swinging Strike
1-1: Called Strike
1-2: Strikes out looking
Top of the 6th over - 0 runs, 1 hit, 0 errors, 3 left on base; Sunset District 0 - Augusta 0
BOTTOM OF THE 6TH
Augusta Timber Hawks batting - Pitching for Sunset District Fog : RHP Brian Walker
Batting: LHB Juan Alvarado 0-0: Ground out 5-3 (Groundball, 56)
Batting: RHB Emmanuele Lucchetti 0-0: Called Strike
0-1: Ball
1-1: Ground out 4-3 (Groundball, 34)
Batting: LHB José Pérez 0-0: Ground out 4-3 (Groundball, 4)
Bottom of the 6th over - 0 runs, 0 hits, 0 errors, 0 left on base; Sunset District 0 - Augusta 0
TOP OF THE 7TH
Sunset District Fog batting - Pitching for Augusta Timber Hawks : RHP António Andrade
Batting: LHB Armando Carmona 0-0: Ball
1-0: Foul Ball, location: 2F
1-1: Foul Ball, location: 2F
1-2: Fly out, F8 (Flyball, 8LM)
Batting: RHB Alfonso Nazario 0-0: Called Strike
0-1: Ball
1-1: Swinging Strike
1-2: Ball
2-2: Ball
3-2: Fly out, F7 (Flyball, 7S)
Batting: RHB Colin O'Connell 0-0: Called Strike
0-1: Ball
1-1: Ball
2-1: Foul Ball, location: 2F
2-2: Ball
3-2: Foul Ball, location: 2F
3-2: Base on Balls
Batting: LHB Pedro Tapia 0-0: Ball
1-0: Fly out, F9 (Flyball, 9)
Top of the 7th over - 0 runs, 0 hits, 0 errors, 1 left on base; Sunset District 0 - Augusta 0
BOTTOM OF THE 7TH
Augusta Timber Hawks batting - Pitching for Sunset District Fog : RHP Brian Walker
Batting: RHB Jaime Cruz 0-0: Called Strike
0-1: Ground out 6-3 (Groundball, 6)
Batting: RHB Dave Yates 0-0: Foul Ball, location: 2F
0-1: Ball
1-1: Called Strike
1-2: Strikes out swinging
Batting: SHB Nobuhisa Hatoyama 0-0: Ball
1-0: Called Strike
1-1: Called Strike
1-2: Ball
2-2: Strikes out swinging
Bottom of the 7th over - 0 runs, 0 hits, 0 errors, 0 left on base; Sunset District 0 - Augusta 0
TOP OF THE 8TH
Sunset District Fog batting - Pitching for Augusta Timber Hawks : RHP António Andrade
Batting: RHB Jud Regan 0-0: Called Strike
0-1: Ball
1-1: SINGLE (Groundball, 56D)
Batting: SHB José Ángel 0-0: Ball
1-0: Bunt missed!
1-1: Ball
2-1: Called Strike
2-2: Foul Ball, location: 2F
2-2: Foul Ball, location: 2F
2-2: Ball
3-2: SINGLE (Groundball, 6MD)
Jud Regan to second
Jud Regan to third
Batting: RHB Diego Rodríguez 0-0: SINGLE (Groundball, 6D)
Jud Regan scores
José Ángel to second
Runner from 2nd tries for 3rd, OUT!
Diego Rodríguez to second
Batting: SHB Esteban Lugo 0-0: Foul Ball, location: 2F
0-1: Fly out, F9 (Flyball, 9S)
Batting: SHB Orlando Villa 0-0: Foul Ball, location: 2F
0-1: Ground out 1-3 (Groundball, 13S)
Top of the 8th over - 1 run, 3 hits, 0 errors, 1 left on base; Sunset District 1 - Augusta 0
BOTTOM OF THE 8TH
Augusta Timber Hawks batting - Pitching for Sunset District Fog : RHP Brian Walker
Batting: RHB Juan Chávez 0-0: Swinging Strike
0-1: Ball
1-1: Called Strike
1-2: Fly out, F9 (Flyball, 9D)
Batting: RHB David Martínez 0-0: Called Strike
0-1: Called Strike
0-2: Strikes out looking
Batting: RHB Jesús Recesvinto 0-0: Swinging Strike
0-1: Fly out, F8 (Flyball, 8LD)
Bottom of the 8th over - 0 runs, 0 hits, 0 errors, 0 left on base; Sunset District 1 - Augusta 0
TOP OF THE 9TH
Sunset District Fog batting - Pitching for Augusta Timber Hawks : RHP António Andrade
Pitching: RHP Brian Krick
Batting: LHB Armando Carmona 0-0: Called Strike
0-1: Foul Ball, location: 2F
0-2: Strikes out swinging
Batting: RHB Alfonso Nazario 0-0: Ball
1-0: Fly out, F8 (Flyball, 8RM)
Batting: RHB Colin O'Connell 0-0: Ball
1-0: Ball
2-0: Ball
3-0: Called Strike
3-1: Base on Balls
Batting: LHB Pedro Tapia 0-0: Called Strike
0-1: Ball
Throwing error on steal attempt, E2
Colin O'Connell to third
1-1: Called Strike
1-2: Ball
2-2: Ball
3-2: Ground out 6-3 (Groundball, 6)
Top of the 9th over - 0 runs, 0 hits, 1 error, 1 left on base; Sunset District 1 - Augusta 0
BOTTOM OF THE 9TH
Augusta Timber Hawks batting - Pitching for Sunset District Fog : RHP Brian Walker
Batting: LHB Juan Alvarado 0-0: Ball
1-0: Swinging Strike
1-1: Fly out, F9 (Flyball, 9LSF)
Batting: RHB Emmanuele Lucchetti 0-0: Foul Ball, location: 2F
0-1: Ball
1-1: Ball
2-1: Foul Ball, location: 2F
2-2: Ball
3-2: Fly out, F3 (Popup, 34S)
Batting: LHB José Pérez 0-0: Ball
1-0: Ball
2-0: Ball
3-0: Base on Balls
Pitching: RHP Chae-seong Kim
Batting: RHB Jaime Cruz 0-0: Ball
1-0: Ball
2-0: Foul Ball, location: 2F
2-1: Fielders Choice at 2nd, 5-4 (Groundball, 56)
Bottom of the 9th over - 0 runs, 0 hits, 0 errors, 1 left on base; Sunset District 1 - Augusta 0
Sunday, March 18th, 2018 - OOTP Baseball 18.8 Build 76